 Dungeon Crawl Stone Soup version 0.32-a0-120-gfac0567ad4 (webtiles) character file.

Game seed: 9972875706865465712

59081 zenocrate the Grappler (level 14, 0/122 HPs)
             Began as a Demonspawn Delver on Feb 6, 2024.
             Was an Initiate of Gozag.
             Slain by an orc warrior
             ... wielding a +0 mace
             ... led by an orc warlord
              (10 damage)
             ... on level 2 of the Orcish Mines.
             The game lasted 00:31:44 (23578 turns).

zenocrate the Grappler (Demonspawn Delver)         Turns: 23578, Time: 00:31:45

Health: 0/122      AC:  7    Str: 17    XL:     14   Next: 51%
Magic:  18/18      EV: 19    Int: 13    God:    Gozag
Gold:   124        SH:  0    Dex: 14    Spells: 12/19 levels left

rFire   . .          .
                       - Unarmed
rCold   . . .        (shield currently unavailable)
rNeg    . . .        L - melded +0 steam dragon scales
rPois   .            v - +2 helmet {Int+3}
rElec   .            (no cloak)
rCorr   .            i - +0 pair of gloves
SInv    .            Q - +1 pair of boots
Will    +++..        O - amulet of regeneration
Stlth   +            d - +4 ring of slaying
HPRegen 1.20/turn    F - ring of willpower
MPRegen 0.16/turn

%: no passive effects
@: mighty, brilliant, about to teleport, flux-form, hasted, glowing, slow
A: glow, contaminating, claws 2, rugged brown scales 1, spiny 3, demonic
willpower, talons 1, robust 1, weak 1
a: Begin Untransformation, Renounce Religion, Potion Petition, Call Merchant,
Bribe Branch


You were on level 2 of the Orcish Mines.
You worshipped Gozag.
Gozag was aware of your devotion.
You were something dangerously unstable.
You visited 4 branches of the dungeon, and saw 19 of its levels.

You collected 6119 gold pieces.
You spent 1901 gold pieces at shops.
You paid 4094 gold pieces to Gozag.

Inventory:

Missiles
 r - 2 atropa-tipped darts
 x - 12 boomerangs
 z - a throwing net
 D - 10 javelins
 K - 35 poisoned darts (quivered)
Armour
 a - a +0 buckler
 i - a +0 pair of gloves (worn)
 v - a +2 helmet of intelligence (worn)
 L - +0 steam dragon scales (melded)
 Q - a +1 pair of boots (worn)
Jewellery
 d - a +4 ring of slaying (left hand)
 y - a ring of see invisible
 C - the ring "Huonae" {Fire rN+ rCorr Str-4 Int+2}
   (You found it on level 4 of the Lair of Beasts)

   [ring of fire]

   Fire:      It enhances your fire magic.
   Str-4:     It affects your strength (-4).
   Int+2:     It affects your intelligence (+2).
   rF+:       It protects you from fire.
   rC-:       It makes you vulnerable to cold.
   rN+:       It protects you from negative energy.
   rCorr:     It protects you from acid and corrosion.
 F - a ring of willpower (right hand)
 O - an amulet of regeneration (around neck)
Talismans
 j - a flux talisman (active)
Wands
 f - a wand of digging (1)
 t - a wand of flame (15)
 G - a wand of mindburst (4)
 R - a wand of light (16)
Scrolls
 b - 3 scrolls of fog
 c - 2 scrolls of revelation
 k - a scroll of brand weapon {unknown}
 l - 2 scrolls of enchant weapon {unknown}
 q - 5 scrolls of teleportation
 s - 2 scrolls of silence {unknown}
 u - 2 scrolls of noise {unknown}
 w - 2 scrolls of blinking {unknown}
 H - 5 scrolls of poison
 J - a scroll of vulnerability {unknown}
 T - a scroll of immolation {unknown}
 W - 2 scrolls of torment {unknown}
Potions
 e - 3 potions of resistance
 h - 2 potions of lignification
 m - 6 potions of curing
 o - 3 potions of brilliance
 E - 4 potions of enlightenment
 M - a potion of invisibility
 P - a potion of berserk rage
 S - 2 potions of ambrosia
 U - a potion of cancellation
 X - a potion of might
Miscellaneous
 B - a phial of floods (inert)


   Skills:
 + Level 9.3 Fighting
 + Level 1.9 Throwing
 + Level 6.2 Armour
 + Level 7.5 Dodging
 - Level 4.5 Stealth
 + Level 3.2 Shields
 + Level 14.2 Unarmed Combat
 - Level 3.0 Spellcasting
 - Level 3.1 Hexes
 - Level 7.2 Evocations
 + Level 10.9 Shapeshifting


You had 12 spell levels left.
You knew the following spells:

 Your Spells              Type           Power      Damage    Failure   Level
a - Confusing Touch       Hex            15%        N/A       19%         3
b - Cause Fear            Hex            7%         N/A       54%         4

Your spell library contained the following spells:

 Spells                   Type           Power      Damage    Failure   Level
 Sigil of Binding         Hex            15%        N/A       19%         3
 Kiss of Death            Conj/Necr      8%         2d6       22%         1
 Shock                    Conj/Air       8%         1d3       22%         1
 Mercury Vapours          Alch/Air       4%         N/A       34%         2
 Call Canine Familiar     Summ           2%         N/A       56%         3
 Hailstorm                Conj/Ice       2%         3d5       56%         3
 Mephitic Cloud           Conj/Alch/Air  2%         N/A       56%         3
 Summon Ice Beast         Ice/Summ       2%         N/A       56%         3
 Swiftness                Air            2%         N/A       56%         3
 Dimensional Bullseye     Hex/Tloc       4%         N/A       77%         4
 Airstrike                Air            1%         2d(1-17)  92%         4
 Brom's Barrelling Bould  Conj/Erth      2%         2d3       92%         4
 Dispel Undead            Necr           2%         3d7       92%         4
 Flame Wave               Conj/Fire      2%         2d4       92%         4
 Fireball                 Conj/Fire      1%         3d3       99%         5
 Freezing Cloud           Conj/Ice/Air   1%         6-21      99%         5
 Iskenderun's Battlesphe  Conj           2%         2d6       99%         5
 Bombard                  Conj/Erth      1%         9d1       100%        6
 Sculpt Simulacrum        Ice/Alch       1%         N/A       100%        6
 Spellforged Servitor     Conj/Summ      1%         N/A       100%        7
 Lehudib's Crystal Spear  Conj/Erth      1%         10d2      100%        8
 Dragon's Call            Summ           1%         N/A       100%        9


Dungeon Overview and Level Annotations

Branches:
Dungeon (11/15)            Temple (1/1) D:7            Lair (5/5) D:11
  Swamp (0/4) Lair:3        Snake (0/4) Lair:2        Slime (0/5) Lair:5
    Orc (2/2) D:9             Elf (0/3) Orc:2

Altars:
Ashenzari
Cheibriados
Dithmenos
Fedhas
Gozag
Hepliaklqana
Kikubaaqudgha
Makhleb
Nemelex Xobeh
Okawaru
Qazlal
Ru
Sif Muna
Trog
Uskayaw
Vehumet
Wu Jian
Xom
Yredelemnul
Jiyva

Shops:
D:4 [*!!(   Orc:1 *   Lair:1 [=

Annotations:
D:7 exclusion: statue
D:10 3 runed translucent doors


Innate Abilities, Weirdness & Mutations

You are something dangerously unstable.
You glow with magical radiation, making you easy to see and hit.
Foes you strike become dangerously contaminated with magical radiation.
You are incapable of wielding weapons or throwing items.
You have very sharp fingernails.
You are partially covered in rugged brown scales. (AC +1, +3% HP)
You are completely covered in sharp spines.
You punish those that try to bend your will. (Will+)
You have sharp toenails.
You are robust. (+10% HP)
You are weak. (Str -2)


Message History

The orc warlord is engulfed in water.
The wave splashes down.
Splash!
You fall into the shallow water.
Moving in this stuff is going to be slow.
The orc warrior is engulfed in water.
The ogre is engulfed in water.
The orc warrior is engulfed in water.
You hear two shouts! x2; You hear a shout!
The orc warrior no longer looks unusually strong.
Unknown command.
Okay, then.
You feel better.
The orc warrior splashes around in the water.
Unknown command.
As you read the scroll of teleportation, it crumbles to dust.
You feel strangely unstable. The ogre closely misses you.
The orc warrior is struck by your spines.
The orc warrior hits you with a +0 mace!
* * * LOW HITPOINT WARNING * * *
The orc warrior closely misses you.
Unknown command.
Okay, then.
Okay, then.
You feel better.
The orc warrior is struck by your spines.
The orc warrior hits you with a +0 mace.
* * * LOW HITPOINT WARNING * * *
Unknown command.
Okay, then.
Okay, then.
You feel better.
The orc warrior hits you from afar with a +0 glaive!
* * * LOW HITPOINT WARNING * * *
The ogre closely misses you.
The orc warlord is struck by your spines.
The orc warlord completely misses you.
Unknown command.
The orc warrior attacks as it pursues you!
The orc warrior hits you with a +0 mace!
You die...
Your body crumbles into a pile of gold.

..)..#####...o....###........#
#.)))..##....$.....##......###
.#.....#....#$.o.........###
### #......#...###...........#
##.#
.#.#.........##..$o.....##
#..# #.....O.....###..#oo~...#
##... ...#.#..o..##
####o~~.### #.... ...#.##o..##
#~~O~~...# ##.... ..$O...O###
#po..~...####..... ..$...###
###.........#.....#. #.O#.##
###................##. .#####
#......##...........## #####
##......###.........### ....#
#.......###.........### .....
##$......##.........##. ###..
##......#...#.......#. .#
##.........#####.....


You could see an orc warlord (contam, misshapen, waterlogged), 3 orc warriors
and an ogre (waterlogged).

Vanquished Creatures
  2 hydras (Lair:5)
  An ice dragon (Lair:4)
  A boulder beetle (D:11)
  11 two-headed ogres
  Urug (Orc:1)
  5 skysharks (Lair:4)
  A swamp dragon (Lair:3)
  An orc knight (Orc:2)
  An oklob plant (Lair:4)
  An ugly thing (D:9)
  An orc sorcerer (Orc:2)
  12 elephants
  Joseph (D:7)
  3 kobold blastminers (Orc:2)
  3 black mambas
  Maggie (D:8)
  26 cane toads
  Jeremiah (D:8)
  11 komodo dragons
  A kobold demonologist (D:10)
  2 rime drakes
  3 polar bears (Lair:4)
  2 hornets
  3 trolls
  Prince Ribbit (D:7)
  26 blink frogs
  A wraith (D:8)
  Sigmund (D:2)
  8 wyverns
  5 vampire mosquitoes
  39 yaks
  6 basilisks
  3 wargs (Orc:2)
  13 water moccasins
  2 nagas (Lair:2)
  2 black bears
  11 orc warriors
  2 sky beasts
  16 ogres
  13 wolves
  13 centaurs
  2 phantoms
  14 bullfrogs
  6 kobold brigands
  2 scorpions (D:5)
  2 gnoll sergeants (D:9)
  10 wights
  14 killer bees
  10 howler monkeys
  6 electric eels
  2 bombardier beetles
  4 jellies
  2 gnoll boudas
  8 orc priests
  2 hounds
  A sleepcap (D:7)
  Ijyb (D:5)
  9 iguanas
  9 orc wizards
  6 hell rats
  18 gnolls
  10 adders
  2 shadow imps (D:7)
  14 white imps
  51 orcs
  6 ball pythons
  4 bats
  5 endoplasms
  A giant cockroach (D:4)
  11 goblins
  7 hobgoblins
  2 jackals (D:2)
  5 quokkas
  2 frilled lizards
  27 kobolds
  3 rats
  A butterfly (Lair:3)
536 creatures vanquished.

Notes
Turn   | Place    | Note
-------+----------+-------------------------------------------
     0 | D:5      | zenocrate the Demonspawn Delver began the quest for the
                  | Orb.
     0 | D:5      | Reached XP level 1. HP: 18/18 MP: 1/1
    36 | D:4      | Reached skill level 2 in Unarmed Combat
   201 | D:2      | Noticed an iguana
   302 | D:1      | Gained mutation: You are partially covered in sharp spines.
                  | [demonic ancestry]
   302 | D:1      | Reached XP level 2. HP: 24/24 MP: 2/2
   728 | D:1      | Found a faded altar of an unknown god.
   927 | D:1      | Reached skill level 3 in Unarmed Combat
   927 | D:1      | Reached skill level 1 in Evocations
   927 | D:1      | Reached XP level 3. HP: 26/29 MP: 3/3
  1066 | D:2      | Noticed Sigmund
  1082 | D:2      | Killed Sigmund
  1083 | D:2      | Reached skill level 4 in Unarmed Combat
  1083 | D:2      | Gained mutation: You are mostly covered in sharp spines.
                  | [demonic ancestry]
  1083 | D:2      | Reached XP level 4. HP: 31/35 MP: 4/4
  1083 | D:2      | Gained mutation: You have sharp fingernails. [demonic
                  | ancestry]
  1083 | D:2      | Reached XP level 5. HP: 36/41 MP: 5/5
  1821 | D:2      | Learned a level 3 spell: Confusing Touch
  1865 | D:3      | Gained mutation: You have very sharp fingernails. [demonic
                  | ancestry]
  1865 | D:3      | Reached XP level 6. HP: 47/47 MP: 6/6
  1999 | D:3      | Found a hazy altar of Hepliaklqana.
  2612 | D:4      | Found Ceriot's Armour Boutique.
  2689 | D:4      | Noticed a sky beast
  2697 | D:4      | Killed a sky beast
  2698 | D:4      | Reached skill level 5 in Unarmed Combat
  3045 | D:4      | Gained mutation: You are partially covered in rugged brown
                  | scales. (AC +1, +3% HP) [demonic ancestry]
  3045 | D:4      | Reached XP level 7. HP: 48/55 MP: 7/7
  3162 | D:4      | Found a burning altar of Makhleb.
  3164 | D:4      | Found a sparkling altar of Nemelex Xobeh.
  3208 | D:4      | Found a shimmering altar of Xom.
  3216 | D:4      | Found Hayxiur's Distillery.
  3275 | D:4      | Found Gegejung's General Store.
  3311 | D:4      | Found Naab's Antique Weapon Emporium.
  3344 | D:4      | Found an opulent altar of Gozag.
  3377 | D:4      | Found Wecaul's Distillery.
  3406 | D:4      | Became a worshipper of Gozag Ym Sagoz the Greedy
  3689 | D:5      | Reached skill level 5 in Fighting
  3698 | D:5      | Reached skill level 6 in Unarmed Combat
  4145 | D:4      | Reached XP level 8. HP: 64/65 MP: 8/8
  4268 | D:5      | Noticed Ijyb
  4273 | D:5      | Killed Ijyb
  4714 | D:6      | Reached skill level 7 in Unarmed Combat
  5022 | D:6      | Reached skill level 1 in Spellcasting
  5289 | D:6      | Reached skill level 8 in Unarmed Combat
  5289 | D:6      | Gained mutation: You are completely covered in sharp
                  | spines. [demonic ancestry]
  5289 | D:6      | Reached XP level 9. HP: 68/71 MP: 11/11
  5604 | D:6      | Found a sacrificial altar of Ru.
  5751 | D:4      | Bought a potion of resistance for 130 gold pieces
  5751 | D:4      | Bought a potion of invisibility for 104 gold pieces
  5751 | D:4      | Bought a potion of might for 52 gold pieces
  5751 | D:4      | Bought 2 potions of mutation for 208 gold pieces
  5751 | D:4      | Gained mutation: Your health recovers twice as slowly from
                  | being drained. [potion of mutation]
  5751 | D:4      | Gained mutation: Armour fits poorly on your strangely
                  | shaped body. [potion of mutation]
  5751 | D:4      | Gained mutation: You occasionally shout uncontrollably at
                  | your foes. [potion of mutation]
  5752 | D:4      | Lost mutation: You occasionally shout uncontrollably at
                  | your foes. [potion of mutation]
  5752 | D:4      | Lost mutation: Your health recovers twice as slowly from
                  | being drained. [potion of mutation]
  5752 | D:4      | Lost mutation: Armour fits poorly on your strangely shaped
                  | body. [potion of mutation]
  5752 | D:4      | Gained mutation: You have sharp toenails. [potion of
                  | mutation]
  5752 | D:4      | Gained mutation: You are robust. (+10% HP) [potion of
                  | mutation]
  5752 | D:4      | Gained mutation: You are weak. (Str -2) [potion of
                  | mutation]
  5811 | D:7      | Found a staircase to the Ecumenical Temple.
  5838 | Temple   | Entered the Ecumenical Temple
  5887 | D:7      | Found an ancient bone altar of Kikubaaqudgha.
  6134 | D:7      | Reached skill level 1 in Shapeshifting
  6335 | D:7      | Identified the +11 short sword "Spider's Foe" {distort,
                  | *Rage rN+ Int+3}
  6337 | D:7      | Found a radiant altar of Vehumet.
  6379 | D:7      | Found a blossoming altar of Fedhas.
  6565 | D:7      | Found a bloodstained altar of Trog.
  6734 | D:7      | Noticed Joseph
  6736 | D:7      | Noticed Prince Ribbit
  6745 | D:7      | Killed Joseph
  6897 | D:7      | Paralysed by a hornet for 2 turns
  6904 | D:7      | Killed Prince Ribbit
  6905 | D:7      | Reached skill level 9 in Unarmed Combat
  7284 | D:7      | Found a shadowy altar of Dithmenos.
  7569 | D:8      | Identified the +0 leather armour of a sewer {rPois rC-
                  | Int+3}
  7719 | D:8      | Noticed Maggie
  7731 | D:8      | Killed Maggie
  7732 | D:8      | Reached XP level 10. HP: 85/85 MP: 13/13
  7944 | D:8      | Reached skill level 5 in Shapeshifting
  7986 | D:8      | Noticed Jeremiah
  8015 | D:8      | Killed Jeremiah
  8016 | D:8      | Reached skill level 10 in Unarmed Combat
  8665 | D:9      | Found a broken altar of Ashenzari.
  8860 | D:9      | Noticed a two-headed ogre
  8867 | D:9      | Killed a two-headed ogre
  9050 | D:9      | Reached skill level 11 in Unarmed Combat
  9444 | D:9      | Noticed a cyan ugly thing
  9451 | D:9      | Killed a cyan ugly thing
  9452 | D:9      | Gained mutation: You punish those that try to bend your
                  | will. (Will+) [demonic ancestry]
  9452 | D:9      | Reached XP level 11. HP: 45/91 MP: 14/14
  9668 | D:9      | Found a staircase to the Orcish Mines.
 10340 | D:10     | Entered Level 10 of the Dungeon
 10595 | D:10     | Found a runed translucent gate.
 10595 | D:10     | Found a runed translucent gate.
 10595 | D:10     | Found a runed translucent gate.
 10595 | D:10     | Noticed a green ugly thing
 10595 | D:10     | Noticed a red ugly thing
 11247 | D:10     | Noticed a cyan ugly thing
 11247 | D:10     | Noticed a red ugly thing
 11331 | D:10     | Reached skill level 12 in Unarmed Combat
 11614 | D:10     | a wind drake changed into a spark wasp
 11614 | D:10     | Noticed a spark wasp (glowing shapeshifter)
 11618 | D:10     | Learned a level 4 spell: Cause Fear
 11631 | D:10     | a water nymph changed into a skyshark
 11631 | D:10     | Noticed a skyshark (glowing shapeshifter)
 11632 | D:10     | a skyshark changed into a water nymph
 11674 | D:11     | Got Bick's Tome of the Sizzling Lithosphere
 11721 | D:11     | Noticed a boulder beetle
 11740 | D:11     | Noticed a two-headed ogre
 11748 | D:11     | Killed a boulder beetle
 12167 | D:11     | Found a staircase to the Lair.
 12517 | D:11     | Killed a two-headed ogre
 12917 | D:4      | Bought a potion of cancellation for 112 gold pieces
 12917 | D:4      | Bought a potion of heal wounds for 70 gold pieces
 12917 | D:4      | Bought a potion of haste for 140 gold pieces
 12917 | D:4      | Bought a potion of berserk rage for 70 gold pieces
 12932 | D:4      | Bought a scroll of teleportation for 42 gold pieces
 12932 | D:4      | Bought a scroll of revelation for 105 gold pieces
 12969 | D:4      | Bought a potion of mutation for 104 gold pieces
 13148 | Lair:1   | Entered Level 1 of the Lair of Beasts
 13464 | Lair:1   | Reached XP level 12. HP: 98/99 MP: 15/15
 13624 | Lair:1   | Reached skill level 1 in Armour
 13971 | Lair:1   | Reached skill level 13 in Unarmed Combat
 15352 | D:4      | Bought a wand of light (13) for 764 gold pieces
 15553 | Lair:2   | Found a staircase to the Snake Pit.
 15722 | Lair:2   | Found a frozen archway.
 15798 | Lair:2   | Reached skill level 5 in Dodging
 16670 | Lair:3   | Reached skill level 5 in Evocations
 17462 | Lair:3   | Found a staircase to the Swamp.
 17475 | Lair:3   | Reached skill level 10 in Shapeshifting
 17805 | Lair:4   | Identified the +6 quarterstaff of Foolhardiness {speed,
                  | ^Fragile Str+3 Dex+4}
 17889 | Lair:4   | Reached XP level 13. HP: 72/109 MP: 16/16
 18415 | Lair:4   | Reached skill level 1 in Hexes
 18487 | Lair:4   | Identified the ring "Huonae" {Fire rN+ rCorr Str-4 Int+2}
 19396 | Lair:5   | Entered Level 5 of the Lair of Beasts
 20281 | Lair:4   | Reached skill level 5 in Armour
 20610 | Lair:5   | Reached skill level 1 in Shields
 21048 | Lair:5   | Identified the +11 spear of the Desert {speed, rElec Dex+6}
 21085 | Lair:5   | Found a staircase to the Slime Pits.
 21085 | Lair:5   | Found a viscous altar of Jiyva.
 21218 | Lair:5   | Reached XP level 14. HP: 80/119 MP: 17/17
 21446 | Lair:5   | Reached skill level 14 in Unarmed Combat
 21849 | Orc:1    | Entered Level 1 of the Orcish Mines
 21969 | Orc:1    | Found Farph's Overcharged Wands.
 22134 | Orc:1    | Noticed Urug
 22154 | Orc:1    | Killed Urug
 22358 | Orc:2    | Entered Level 2 of the Orcish Mines
 22359 | Orc:2    | Found a staircase to the Elven Halls.
 23178 | Orc:2    | Reached skill level 1 in Throwing
 23244 | Orc:2    | Noticed an orc warlord
 23572 | Orc:2    | HP: 1/122 [orc warlord/+3 battleaxe of venom (18)]
 23578 | Orc:2    | Slain by an orc warrior

Illustrated notes

Levels and vault maps discovered:
D:1:      eino_arrival_water_cross, layout_basic,
          hellmonk_ecumenical_altar_pennies_from_heaven
D:2:      layout_basic, uniq_sigmund
D:3:      layout_basic, good_gods_temple_1, nzn_hepliaklqana_mist_gate,
          wad_rectangle_vault
D:4:      kennysheep_the_goblin_king, layout_rooms, grunt_temple_overflow_open,
          mainiacjoe_overflow_alcove_2, xom_butterflies, serial_shops,
          nicolae_stop_n_shop_2, nicolae_shop_crystal, nicolae_stop_n_shop_2,
          nicolae_shop_rolling_square, kennysheep_mini_moat,
          chequers_serial_rivers_small_a, amcnicky_mini_rare_corridor_liquid,
          kennysheep_path_1
D:5:      layout_loops_ring, fountainhead, uniq_ijyb
D:6:      layout_loops_ring, nicolae_ru_path_of_blood,
          chequers_serial_rivers_room_a, grunt_ministairs_4, serial_park_tiny_2,
          dk_vineyard_2, nicolae_concentric_dashed_squares_wild,
          hangedman_decor_lopped, minmay_crystal_water
D:7:      layout_loops_corners, vehumet_statue, fedhas_altar_2,
          marbit_many_paths, mainiacjoe_overflow_chevrons,
          mainiacjoe_overflow_small_starburst, minmay_temple_entry_crystal_x,
          kennysheep_cross_room, uniq_prince_ribbit1, uniq_joseph
D:8:      layout_loops_cross, uniq_maggie, uniq_jeremiah
D:9:      layout_loops_ring, ashenzari_conservatory_becter,
          kennysheep_orc_monster_closet_entryway, minmay_misc_feat_plants,
          minmay_hedge_maze, serial_bayou_lagoon_a, lightli_fourway_metalbox
D:10:     layout_basic, ploomutoo_gammafunk_ghost_potion_laboratory
D:11:     layout_basic, david_lair_generic
Temple:   nicolae_temple_bog_church
Lair:1:   beast_lair_carwin_large_1, layout_long_grid,
          nicolae_quartered_pool_super, wad_woods_06
Lair:2:   layout_cave_pods, guppyfry_snake_entry_garden,
          portal_ice_cave_entry_imps, infiniplex_staircase_pool_2
Lair:3:   layout_cave_pods, mainiacjoe_swamp_entry_lozenge_pond,
          lemuel_fruit_fields
Lair:4:   dragon1_lemuel, layout_hall_layers, beast_lair_carwin_7
Lair:5:   minmay_lair_end_frog_pond, layout_misc_corridors, slime_entry_1
Orc:1:    layout_caves, nicolae_shop_overcharged_wands, uniq_urug
Orc:2:    st_orc_ogre_mass, layout_diamond_mine, mines5_lemuel

Skill      XL: |  1  2  3  4  5  6  7  8  9 10 11 12 13 14 |
---------------+-------------------------------------------+-----
Unarmed Combat | 2 3 4 5 6 8 9 11 12 13 14 | 14.2
Evocations     | 1 3 5 7 |  7.2
Fighting       | 4 5 6 7 8 9 |  9.3
Dodging        | 4 5 7 |  7.5
Spellcasting   | 1 2 3 |  3.0
Shapeshifting  | 4 7 9 10 | 10.9
Armour         | 3 5 6 |  6.2
Hexes          | 3 |  3.1
Shields        | 1 3 |  3.2
Throwing       | 1 |  1.9
Stealth        | |  4.5

Action                     |  1- 3 |  4- 6 |  7- 9 | 10-12 | 13-15 || total
---------------------------+-------+-------+-------+-------+-------++-------
  Melee: Unarmed           |    73 |    62 |   187 |   595 |   541 ||  1458
         Punch             |       |     3 |     8 |    27 |       ||    38
         Kick              |       |       |    23 |    70 |       ||    93
  Throw: Dart              |       |       |     1 |     4 |       ||     5
 Invoke: Potion Petition   |       |       |       |     1 |     5 ||     6
         Call Merchant     |       |       |       |       |     2 ||     2
  Evoke: Wand              |       |       |     1 |    12 |    13 ||    26
         Phial of floods   |       |       |       |       |     2 ||     2
    Use: Scroll            |     1 |       |     5 |    12 |     9 ||    27
         Potion            |     1 |       |     4 |     4 |    11 ||    20
   Stab: Sleeping          |     9 |     4 |     9 |     4 |       ||    26
         Invisible         |       |       |     2 |       |       ||     2
         Distracted        |       |       |     1 |     6 |     4 ||    11
         Paralysed         |       |       |       |       |     9 ||     9
 Armour: Leather armour    |    38 |    22 |   113 |     5 |       ||   178
         Steam dragon scal |       |       |       |   172 |       ||   172
         Skin              |       |       |       |   110 |   388 ||   498
  Dodge: Dodged            |    41 |    29 |    82 |   334 |   569 ||  1055
   Form: Flux              |       |       |       |     1 |       ||     1

Table legend: (Time is in decaauts)
 A = Elapsed time spent in this place.
 B = Non-inter-level travel time spent in this place.
 C = Inter-level travel time spent in this place.
 D = Time resting spent in this place.
 E = Time spent auto-exploring this place.
 F = Levels seen in this place.
 G = Mean time per level.
                   A        B        C        D        E       F      G
               +--------+--------+--------+--------+--------+-----+--------+
         Total |  23375 |  21575 |   1800 |    377 |  17858 |  19 | 1230.3 |
       Dungeon |  13532 |  12290 |   1242 |    169 |  10374 |  11 | 1230.2 |
        Temple |      1 |      1 |      0 |      0 |      0 |   1 |    1.0 |
          Lair |   8170 |   7620 |    550 |    203 |   6245 |   5 | 1634.0 |
  Orcish Mines |   1670 |   1664 |      6 |      5 |   1238 |   2 |  835.0 |
               +--------+--------+--------+--------+--------+-----+--------+

Top non-repeatable levels by time:
  Lair:4: 2426 daAuts
  Lair:1: 2178 daAuts
     D:9: 1950 daAuts
     D:7: 1777 daAuts
     D:6: 1440 daAuts
    D:10: 1400 daAuts
    D:11: 1392 daAuts
  Lair:3: 1271 daAuts
  Lair:5: 1210 daAuts
     D:4: 1132 daAuts
  Lair:2: 1083 daAuts
     D:2: 1070 daAuts
   Orc:2: 993 daAuts
     D:8: 976 daAuts
     D:3: 931 daAuts
